PCL
REDWOOD CITY REDWOODS @ ALBUQUERQUE ISOTOPES
09/10/2024
 
TOP OF THE 1ST
Redwood City Redwoods batting - Pitching for Albuquerque Isotopes : RHP Zózimo Pascoal
Pitching: RHP Zózimo Pascoal
Batting: LHB Roger Moore 0-0: Called Strike
0-1: Ball
1-1: Ground out U3 (Groundball, 3S)
Batting: LHB Paul Alexander 0-0: Ball
1-0: Ground out 4-3 (Groundball, 34)
Batting: LHB Tony Warrilow 0-0: Foul Ball, location: 2F
0-1: Ball
1-1: Swinging Strike
1-2: Ball
2-2: Ball
3-2: Ground out U3 (Groundball, 3)
Top of the 1st over - 0 run(s), 0 hit(s), 0 error(s), 0 left on base; Redwood City 0 - Albuquerque 0
BOTTOM OF THE 1ST
Albuquerque Isotopes batting - Pitching for Redwood City Redwoods : RHP Ron Williams
Pitching: RHP Ron Williams
Batting: LHB Domingo Cardona 0-0: Called Strike
0-1: Called Strike
0-2: Ball
1-2: Strikes out swinging
Batting: SHB Lee Townsend 0-0: TRIPLE (Line Drive, 9LS)
Batting: RHB Edward Young 0-0: Ball
1-0: 2-RUN HOME RUN (Line Drive, 78XD), Distance : 396 ft
Batting: LHB Juan Carlos Sánchez 0-0: SOLO HOME RUN (Flyball, 9D), Distance : 380 ft
Batting: LHB Mark Vestal 0-0: Called Strike
0-1: Ball
1-1: Swinging Strike
1-2: Foul Ball, location: 2F
1-2: Strikes out swinging
Batting: RHB Cristián Herrera 0-0: Ball
1-0: SINGLE (Groundball, 4MD)
Batting: RHB Juan Vareas 0-0: Ball
1-0: SINGLE (Groundball, 34S)
Cristián Herrera to second
Runner from 2nd tries for 3rd, SAFE, throw made to third
Batting: SHB Tony McLaughlin 0-0: Ball
1-0: Ball
2-0: Ball
3-0: Base on Balls
Juan Vareas to second
Batting: RHB Juan Barrera 0-0: Ball
1-0: Foul Ball, location: 2F
1-1: Fly out, F9 (Flyball, 89M)
Bottom of the 1st over - 3 run(s), 5 hit(s), 0 error(s), 3 left on base; Redwood City 0 - Albuquerque 3
TOP OF THE 2ND
Redwood City Redwoods batting - Pitching for Albuquerque Isotopes : RHP Zózimo Pascoal
Batting: LHB Marcos Pérez 0-0: Foul Ball, location: 2F
0-1: Ball
1-1: Ball
2-1: Foul Ball, location: 2F
2-2: Ground out 4-3 (Groundball, 34)
Batting: LHB Juan Hernández 0-0: Called Strike
0-1: Called Strike
0-2: Ball
1-2: Ball
2-2: Ground out U3 (Groundball, 3L)
Batting: RHB Dan Martin 0-0: Ball
1-0: Ball
2-0: Ground out 4-3 (Groundball, 4M)
Top of the 2nd over - 0 run(s), 0 hit(s), 0 error(s), 0 left on base; Redwood City 0 - Albuquerque 3
BOTTOM OF THE 2ND
Albuquerque Isotopes batting - Pitching for Redwood City Redwoods : RHP Ron Williams
Batting: LHB Domingo Cardona 0-0: Swinging Strike
0-1: Swinging Strike
0-2: Strikes out swinging
Batting: SHB Lee Townsend 0-0: Ball
1-0: Foul Ball, location: 2F
1-1: Ball
2-1: Ball
3-1: Base on Balls
Batting: RHB Edward Young 0-0: Swinging Strike
0-1: Swinging Strike
0-2: Ball
1-2: Fielders Choice at 2nd, 5-4 (Groundball, 56)
Batting: LHB Juan Carlos Sánchez 0-0: Ball
Edward Young is caught stealing 2nd base
Bottom of the 2nd over - 0 run(s), 0 hit(s), 0 error(s), 0 left on base; Redwood City 0 - Albuquerque 3
TOP OF THE 3RD
Redwood City Redwoods batting - Pitching for Albuquerque Isotopes : RHP Zózimo Pascoal
Batting: RHB Orlando Santos 0-0: Fly out, F6 (Line Drive, 6)
Batting: LHB Alfonso Montoya 0-0: Fly out, F8 (Flyball, 8LM)
Batting: LHB Jon Graves 0-0: Ball
1-0: Called Strike
1-1: Swinging Strike
1-2: Ball
2-2: Strikes out swinging
Top of the 3rd over - 0 run(s), 0 hit(s), 0 error(s), 0 left on base; Redwood City 0 - Albuquerque 3
BOTTOM OF THE 3RD
Albuquerque Isotopes batting - Pitching for Redwood City Redwoods : RHP Ron Williams
Batting: LHB Juan Carlos Sánchez 0-0: Called Strike
0-1: Ball
1-1: Swinging Strike
1-2: SINGLE (Line Drive, 9LM)
Batting: LHB Mark Vestal 0-0: Fly out, F7 (Flyball, 78D)
Batting: RHB Cristián Herrera 0-0: Ball
1-0: Called Strike
1-1: Fly out, F5 (Popup, 5F)
Batting: RHB Juan Vareas 0-0: Called Strike
0-1: Ground out 4-3 (Groundball, 4)
Bottom of the 3rd over - 0 run(s), 1 hit(s), 0 error(s), 1 left on base; Redwood City 0 - Albuquerque 3
TOP OF THE 4TH
Redwood City Redwoods batting - Pitching for Albuquerque Isotopes : RHP Zózimo Pascoal
Batting: LHB Roger Moore 0-0: Swinging Strike
0-1: Ground out 1-3 (Groundball, 25)
Batting: LHB Paul Alexander 0-0: Foul Ball, location: 2F
0-1: Foul Ball, location: 2F
0-2: Ball
1-2: Strikes out swinging
Batting: LHB Tony Warrilow 0-0: Ball
1-0: Called Strike
1-1: Foul Ball, location: 2F
1-2: Ball
2-2: Foul Ball, location: 2F
2-2: Ground out U3 (Groundball, 3L)
Top of the 4th over - 0 run(s), 0 hit(s), 0 error(s), 0 left on base; Redwood City 0 - Albuquerque 3
BOTTOM OF THE 4TH
Albuquerque Isotopes batting - Pitching for Redwood City Redwoods : RHP Ron Williams
Batting: SHB Tony McLaughlin 0-0: Ball
1-0: Ball
2-0: Called Strike
2-1: Foul Ball, location: 2F
2-2: Ball
3-2: Fly out, F7 (Flyball, 7D)
Batting: RHB Juan Barrera 0-0: Swinging Strike
0-1: Called Strike
0-2: Ground out 5-3 (Groundball, 5S)
Batting: LHB Domingo Cardona 0-0: Fly out, F8 (Flyball, 8LD)
Bottom of the 4th over - 0 run(s), 0 hit(s), 0 error(s), 0 left on base; Redwood City 0 - Albuquerque 3
TOP OF THE 5TH
Redwood City Redwoods batting - Pitching for Albuquerque Isotopes : RHP Zózimo Pascoal
Batting: LHB Marcos Pérez 0-0: Swinging Strike
0-1: Called Strike
0-2: Strikes out swinging
Batting: LHB Juan Hernández 0-0: SINGLE (Flyball, 7S)
Batting: RHB Dan Martin 0-0: Foul Ball, location: 2F
0-1: Ball
1-1: Foul Ball, location: 2F
1-2: Foul Ball, location: 2F
1-2: Foul Ball, location: 2F
1-2: Grounds into double play, 6-4-3 (Groundball, 6M)
Top of the 5th over - 0 run(s), 1 hit(s), 0 error(s), 0 left on base; Redwood City 0 - Albuquerque 3
BOTTOM OF THE 5TH
Albuquerque Isotopes batting - Pitching for Redwood City Redwoods : RHP Ron Williams
Batting: SHB Lee Townsend 0-0: Ball
1-0: Ball
2-0: Called Strike
2-1: Foul Ball, location: 2F
2-2: Foul Ball, location: 2F
2-2: Ball
3-2: Base on Balls
Batting: RHB Edward Young 0-0: SINGLE (Line Drive, 8LS)
Lee Townsend to second
Batting: LHB Juan Carlos Sánchez 0-0: Swinging Strike
0-1: Swinging Strike
0-2: Foul Ball, location: 2F
0-2: Ball
1-2: Ball
2-2: Foul Ball, location: 2F
2-2: Ball
3-2: Base on Balls
Lee Townsend to third
Edward Young to second
Batting: LHB Mark Vestal 0-0: Foul Ball, location: 2F
0-1: Ball
1-1: Foul Ball, location: 2F
1-2: Strikes out looking
Batting: RHB Cristián Herrera 0-0: Called Strike
0-1: Ball
1-1: Fly out, F8 (Line Drive, 8LD)
Runner from 3rd tags up, SCORES, no throw
Edward Young to third
Batting: RHB Juan Vareas 0-0: Swinging Strike
0-1: Called Strike
0-2: Ball
1-2: Strikes out swinging
Bottom of the 5th over - 1 run(s), 1 hit(s), 0 error(s), 2 left on base; Redwood City 0 - Albuquerque 4
TOP OF THE 6TH
Redwood City Redwoods batting - Pitching for Albuquerque Isotopes : RHP Zózimo Pascoal
Batting: RHB Orlando Santos 0-0: Foul Ball, location: 2F
0-1: Ground out 4-3 (Groundball, 4)
Batting: LHB Alfonso Montoya 0-0: Ball
1-0: Called Strike
1-1: Ball
2-1: Swinging Strike
2-2: Foul Ball, location: 2F
2-2: Foul Ball, location: 2F
2-2: Foul Ball, location: 2F
2-2: Ball
3-2: Strikes out looking
Batting: LHB Jon Graves 0-0: Called Strike
0-1: Called Strike
0-2: Strikes out looking
Top of the 6th over - 0 run(s), 0 hit(s), 0 error(s), 0 left on base; Redwood City 0 - Albuquerque 4
BOTTOM OF THE 6TH
Albuquerque Isotopes batting - Pitching for Redwood City Redwoods : RHP Ron Williams
Batting: SHB Tony McLaughlin 0-0: Called Strike
0-1: Ball
1-1: Ball
2-1: Foul Ball, location: 2F
2-2: SINGLE (Line Drive, 89S)
Batting: RHB Juan Barrera 0-0: Fly out, F9 (Flyball, 9M)
Batting: LHB Domingo Cardona 0-0: Called Strike
0-1: Called Strike
0-2: Ball
1-2: Ball
2-2: Ball
3-2: Base on Balls
Tony McLaughlin to second
Batting: SHB Lee Townsend 0-0: SINGLE (Groundball, 6M)
Tony McLaughlin to third
Domingo Cardona to second
Batting: RHB Edward Young 0-0: Called Strike
0-1: Called Strike
0-2: Ball
1-2: Foul Ball, location: 2F
1-2: Foul Ball, location: 2F
1-2: Foul Ball, location: 2F
1-2: Ball
2-2: SINGLE (Groundball, 6D)
Tony McLaughlin scores
Domingo Cardona to third
Lee Townsend to second
Runner from 3rd tries for Home, throw and OUT!
Lee Townsend to third
Edward Young to second
Pitching: RHP Lúcio Solano
Batting: LHB Juan Carlos Sánchez 0-0: Ball
1-0: Ball
2-0: Called Strike
2-1: Foul Ball, location: 2F
2-2: Strikes out looking
Bottom of the 6th over - 1 run(s), 3 hit(s), 0 error(s), 2 left on base; Redwood City 0 - Albuquerque 5
TOP OF THE 7TH
Redwood City Redwoods batting - Pitching for Albuquerque Isotopes : RHP Zózimo Pascoal
Batting: LHB Roger Moore 0-0: Ball
1-0: Fly out, F9 (Line Drive, 9M)
Batting: LHB Paul Alexander 0-0: Swinging Strike
0-1: Swinging Strike
0-2: Ball
1-2: Foul Ball, location: 2F
1-2: Ball
2-2: Ball
3-2: Foul Ball, location: 2F
3-2: Foul Ball, location: 2F
3-2: SINGLE (Groundball, 6M)
Batting: LHB Tony Warrilow 0-0: Ball
1-0: Foul Ball, location: 2F
1-1: Foul Ball, location: 2F
1-2: Ball
2-2: Ball
3-2: Fly out, F8 (Line Drive, 8LM)
Batting: LHB Marcos Pérez 0-0: Called Strike
0-1: Fly out, F6 (Popup, 56)
Top of the 7th over - 0 run(s), 1 hit(s), 0 error(s), 1 left on base; Redwood City 0 - Albuquerque 5
BOTTOM OF THE 7TH
Albuquerque Isotopes batting - Pitching for Redwood City Redwoods : RHP Lúcio Solano
Batting: LHB Mark Vestal 0-0: Ball
1-0: Foul Ball, location: 2F
1-1: Swinging Strike
1-2: Fly out, F8 (Line Drive, 8RXD)
Batting: RHB Cristián Herrera 0-0: Called Strike
0-1: Foul Ball, location: 2F
0-2: Fly out, F8 (Flyball, 8LM)
Batting: RHB Juan Vareas 0-0: Foul Ball, location: 2F
0-1: Swinging Strike
0-2: Ball
1-2: Ball
2-2: SINGLE (Line Drive, 8LS)
Batting: SHB Tony McLaughlin 0-0: Foul Ball, location: 2F
0-1: Foul Ball, location: 2F
0-2: Fly out, F8 (Flyball, 8RD)
Bottom of the 7th over - 0 run(s), 1 hit(s), 0 error(s), 1 left on base; Redwood City 0 - Albuquerque 5
TOP OF THE 8TH
Redwood City Redwoods batting - Pitching for Albuquerque Isotopes : RHP Zózimo Pascoal
Now at 2B: Jorge Ramírez
Batting: LHB Juan Hernández 0-0: Called Strike
0-1: Foul Ball, location: 2F
0-2: Ball
1-2: Ball
2-2: Ball
3-2: Foul Ball, location: 2F
3-2: Fly out, F6 (Popup, 56D)
Batting: RHB Dan Martin 0-0: Foul Ball, location: 2F
0-1: Foul Ball, location: 2F
0-2: Ball
1-2: Ball
2-2: DOUBLE (Flyball, 78XD)
Batting: RHB Orlando Santos 0-0: Ball
1-0: Ball
2-0: Ball
3-0: Called Strike
3-1: Fly out, F8 (Flyball, 8LM)
Pitching: LHP Cris Quezada
Batting: LHB Alfonso Montoya 0-0: Reached on error, E4 (Groundball, 4M)
Dan Martin to third
Batting: LHB Jon Graves 0-0: Called Strike
0-1: Foul Ball, location: 2F
0-2: Fly out, F8 (Flyball, 89M)
Top of the 8th over - 0 run(s), 1 hit(s), 1 error(s), 2 left on base; Redwood City 0 - Albuquerque 5
BOTTOM OF THE 8TH
Albuquerque Isotopes batting - Pitching for Redwood City Redwoods : RHP Lúcio Solano
Batting: RHB Juan Barrera 0-0: Called Strike
0-1: Foul Ball, location: 2F
0-2: Ball
1-2: Fly out, F9 (Flyball, 9S)
Batting: LHB Domingo Cardona 0-0: SINGLE (Flyball, 9LS)
Batting: SHB Lee Townsend 0-0: Called Strike
0-1: Foul Ball, location: 2F
0-2: Foul Ball, location: 2F
0-2: SINGLE (Line Drive, 9LS)
Domingo Cardona to second
Batting: RHB Edward Young 0-0: Ball
1-0: Ball
2-0: Fly out, F8 (Flyball, 8LM)
Batting: LHB Juan Carlos Sánchez 0-0: Foul Ball, location: 2F
0-1: Swinging Strike
0-2: Strikes out swinging
Bottom of the 8th over - 0 run(s), 2 hit(s), 0 error(s), 2 left on base; Redwood City 0 - Albuquerque 5
TOP OF THE 9TH
Redwood City Redwoods batting - Pitching for Albuquerque Isotopes : LHP Cris Quezada
Pitching: RHP Clint Tancock
Now at 1B: Alfonso Huertas
Now at 3B: Donald Camp
Now in CF: Roberto Pérez
Batting: LHB Roger Moore 0-0: Ball
1-0: Ball
2-0: Ball
3-0: Called Strike
3-1: Base on Balls
Batting: LHB Paul Alexander 0-0: Called Strike
0-1: Ball
1-1: Foul Ball, location: 2F
1-2: Ball
2-2: Ball
3-2: Strikes out swinging
Batting: LHB Tony Warrilow 0-0: Called Strike
0-1: Foul Ball, location: 2F
0-2: Ball
1-2: Ball
2-2: Ball
3-2: Foul Ball, location: 2F
3-2: Base on Balls
Roger Moore to second
Batting: LHB Marcos Pérez 0-0: Called Strike
0-1: Ball
1-1: Foul Ball, location: 2F
1-2: Strikes out swinging
Batting: LHB Juan Hernández 0-0: Ball
1-0: Called Strike
1-1: Foul Ball, location: 2F
1-2: Strikes out swinging
Top of the 9th over - 0 run(s), 0 hit(s), 0 error(s), 2 left on base; Redwood City 0 - Albuquerque 5
This league is powered by Out of the Park Baseball, the baseball management simulation game for PC, Mac and Linux
Saturday, April 9th, 2016 - OOTP Baseball 16.8 Build 38